 Dungeon Crawl Stone Soup version 0.29.0-4-gdea44cf6ec (webtiles) character file.

Game seed: 18254535897032305238

18 qw the Sneak (level 2, 0/19 HPs)
             Began as a Gargoyle Delver on Sept 10, 2022.
             Slain by Edmund
             ... wielding a +1 dire flail of protection
              (9 damage)
             ... on level 4 of the Dungeon.
             The game lasted 00:00:05 (379 turns).

qw the Sneak (Gargoyle Delver)                       Turns: 379, Time: 00:00:06

Health: 0/19       AC:  7    Str: 15    XL:     2   Next: 66%
Magic:  2/2        EV: 10    Int: 10    God:
Gold:   19         SH:  3    Dex: 11    Spells: 1/1 levels left

rFire   . . .      SeeInvis .   Y - +0 war axe
rCold   . . .      Faith    .   i - +0 buckler
rNeg    + . .      Spirit   .   j - +0 ring mail
rPois   inf        Reflect  .   (no helmet)
rElec   +          Harm     .   (no cloak)
rCorr   .          Rampage  .   (no gloves)
Will    .....                   (no boots)
Stlth   ++........              (no amulet)
HPRegen 0.06/turn               (no ring)
MPRegen 0.08/turn               (no ring)

@: no status effects
A: sickness immunity, AC +2, negative energy resistance 1, electricity
resistance, torment resistance 1, petrification resistance
a: no special abilities


You were on level 4 of the Dungeon.
You visited 1 branch of the dungeon, and saw 2 of its levels.

You collected 19 gold pieces.


Innate Abilities, Weirdness & Mutations

You are immune to sickness and miasma.
Your stone body is resilient. (AC +2)
You are immune to poison.
You resist negative energy. (rN+)
You are resistant to electric shocks. (rElec)
You are resistant to unholy torment.
You are immune to petrification.


   Skills:
 - Level 3.2 Fighting
 - Level 2.9 Axes
 - Level 1.5 Dodging
 - Level 5.4 Stealth
 + Level 0.0 Shields


You had one spell level left.
You didn't know any spells.
Your spell library was empty.

Inventory:

Hand Weapons
 Y - a +0 war axe (weapon)
Missiles
 h - 5 boomerangs (quivered)
Armour
 i - a +0 buckler (worn)
 j - a +0 ring mail (worn)
Wands
 g - a wand of digging (3)
Scrolls
 a - a scroll of immolation {unknown}
Potions
 f - a potion of haste
 k - a potion of attraction {unknown}

Dungeon Overview and Level Annotations

Branches:
Dungeon (5/15)
 Temple: D:4-7

Altars:

Annotations:
D:4 Edmund


Message History

Your surroundings suddenly seem different.
Found 5 poisoned darts and a scroll labelled BEJOONIGASM.
(D) Dungeon
Where to? (* - list waypoints, Enter - D:4, ? - help)
What level of the Dungeon? (default 1, ? - help) Sorry, I don't know how to get there.
a - a scroll labelled BEJOONIGASM Edmund the Younger comes into view.
He is wielding a +1 dire flail of protection.
Throw: 5 boomerangs
Press: ? - help, Q - select action Shift-Dir - straight line, f - Edmund You throw a boomerang.
The boomerang completely misses Edmund.
Edmund shouts!
You hear a shout!
Throw: 5 boomerangs
Press: ? - help, Q - select action Shift-Dir - straight line, f/p - Edmund You throw a boomerang.
The boomerang barely misses Edmund.
A quokka comes into view.
An orc priest comes into view. It is wielding a +1 mace of holy wrath.
Edmund mutters, "Who needs spells, anyway?"
373 ||| Stepping ~*~*~tactically~*~*~ (hiding).
You start waiting.
An orc comes into view. It is wielding a +0 war axe.
Throw: 5 boomerangs
Press: ? - help, Q - select action Shift-Dir - straight line, f/p - Edmund You throw a boomerang.
The boomerang barely misses Edmund.
The orc shouts!
You barely miss Edmund.
An orc comes into view. It is wielding a +0 dagger.
Edmund hits you with a +1 dire flail of protection!
Ouch! That really hurt!
You barely miss Edmund.
The orc priest looks encouraged for a moment.
An orc comes into view. It is wielding a +0 dagger.
Edmund closely misses you.
You barely miss Edmund. Edmund closely misses you. x2
The orc shouts!
You hit Edmund but do no damage.
You hear a shout!
Edmund hits you with a +1 dire flail of protection!
You die...

. .r ..o ...
.@
#######o###..
#...@@ooo....
#.#####.r....
#.#### ##...
#....# .
#.#####
#...#..
####.#(#
#....#.#
##.##.#.#.#


You could see Edmund, an orc priest, 3 orcs and a quokka.

Vanquished Creatures
  2 adders (D:5)
2 creatures vanquished.

Notes
Turn   | Place    | Note
-------+----------+-------------------------------------------
     0 | D:5      | qw the Gargoyle Delver began the quest for the Orb.
     0 | D:5      | Reached XP level 1. HP: 14/14 MP: 1/1
     0 | D:5      | 0 ||| qw: Version: 0.1-a-116-g5d60599
     0 | D:5      | 0 ||| qw: Game counter: 8185
     0 | D:5      | 0 ||| qw: Always use a shield: true
     0 | D:5      | 0 ||| qw: God list: Okawaru
     0 | D:5      | 0 ||| qw: Allow faded altars: false
     0 | D:5      | 0 ||| qw: Do Orc after D:15 true
     0 | D:5      | 0 ||| qw: Do second Lair branch before Depths: true
     0 | D:5      | 0 ||| qw: Lair rune preference: random
     0 | D:5      | 0 ||| qw: Plans: Normal
     0 | D:5      | 0 ||| PLANNING D:1-11
    30 | D:5      | Reached XP level 2. HP: 8/19 MP: 2/2
   254 | D:5      | 254 ||| SWAPPING to +0 war axe.
   286 | D:5      | 286 ||| DROPPING +0 hand axe.
   290 | D:5      | 290 ||| UPGRADING to +0 buckler.
   295 | D:5      | 295 ||| UPGRADING to +0 ring mail.
   305 | D:5      | 305 ||| DROPPING +0 leather armour.
   306 | D:5      | 306 ||| DROPPING scroll of fog.
   307 | D:5      | 307 ||| DROPPING scroll of magic mapping.
   308 | D:5      | 308 ||| DROPPING scroll of fear.
   350 | D:4      | 350 ||| READING scroll labelled OSMALA OMEC.
   370 | D:4      | Noticed Edmund
   373 | D:4      | 373 ||| Stepping ~*~*~tactically~*~*~ (hiding).
   379 | D:4      | Slain by Edmund

Levels and vault maps discovered:
D:4:      layout_basic, serial_shops, kennysheep_little_box, uniq_robin,
          uniq_edmund
D:5:      layout_basic, mainiacjoe_overflow_boulevard, uniq_prince_ribbit1,
          uniq_pikel, uniq_duvessa, uniq_crazy_yiuf_cottage

Skill      XL: |  1 |
---------------+----+-----
Axes           | 2 |  2.9
Fighting       | |  3.2
Dodging        | |  1.5
Stealth        | |  5.4

Action                   || total
-------------------------++-------
Melee: Hand axe          ||    13
       Punch             ||     1
       War axe           ||     8
Throw: Boomerang         ||     6
  Use: Scroll            ||     1
Armor: Leather armour    ||     8
Dodge: Dodged            ||    13

Table legend:
 A = Non-vault XP
 B = Vault XP
 C = Vault XP percentage of total XP
 D = Non-vault monster count
 E = Vault monster count
 F = Vault count percentage of total count
                 A         B        C        D         E       F
            +---------+---------+-------+---------+---------+-------
      Total |      26 |       0 |   0.0 |       2 |       0 |   0.0
            +---------+---------+-------+---------+---------+-------
        D:5 |      26 |       0 |   0.0 |       2 |       0 |   0.0
            +---------+---------+-------+---------+---------+-------
